 Dungeon Crawl Stone Soup version 0.27.0-66-gdc8fb28755 (webtiles) character file.

Game seed: 2058196654568185399

960 garrulousMonolith the Digger (level 8, -7/46 HPs)
             Began as a Gargoyle Earth Elementalist on Aug 21, 2021.
             Was an Initiate of Gozag.
             Killed by divine providence
             ... invoked by an orc priest
              (15 damage)
             ... on level 6 of the Dungeon.
             The game lasted 00:06:24 (6349 turns).

garrulousMonolith the Digger (GrEE)                 Turns: 6349, Time: 00:06:24

Health: -7/46      AC: 13    Str: 11 (12) XL:     8   Next: 14%
Magic:  22/22      EV: 12    Int: 15 (18) God:    Gozag
Gold:   462        SH:  0    Dex: 15 (16) Spells: 8/14 levels left

rFire    . . .     SeeInvis .   h - +0 dagger (elec)
rCold    + . .     Faith    .   (no shield)
rNeg     + . .     Spirit   .   C - +1 leather armour of Youthful Indiscretion {rC+ Will+}
rPois    ∞         Reflect  .   o - +0 helmet
rElec    +         Harm     .   f - +0 cloak
rCorr    .         Rampage  .   z - +0 pair of gloves
Will     +....                  k - +0 pair of boots
Stlth    ++........             (no amulet)
HPRegen  0.15/turn              g - +6 ring of dexterity
MPRegen  0.18/turn              e - ring of magical power

@: no status effects
A: sickness immunity, AC +5, negative energy resistance 1, electricity
resistance, torment resistance 1, petrification resistance
a: Renounce Religion, Potion Petition, Call Merchant, Bribe Branch


You were on level 6 of the Dungeon.
You worshipped Gozag.
Gozag was aware of your devotion.
You visited 2 branches of the dungeon, and saw 7 of its levels.

You collected 480 gold pieces.
You paid 18 gold pieces to Gozag.

Inventory:

Hand Weapons
 h - a +0 dagger of electrocution (weapon)
 s - a +2 dagger of draining
Missiles
 c - 150 stones
 n - 22 poisoned darts
Armour
 f - a +0 cloak (worn)
 k - a +0 pair of boots (worn)
 o - a +0 helmet (worn)
 z - a +0 pair of gloves (worn)
 C - the +1 leather armour of Youthful Indiscretion (worn) {rC+ Will+}
   (You found it on level 5 of the Dungeon)

   rC:        It protects you from cold.
   Will:      It increases your willpower.
Jewellery
 e - a ring of magical power (right hand)
 g - a +6 ring of dexterity (left hand)
Wands
 B - a wand of polymorph (5)
Scrolls
 a - a scroll of torment {unknown}
 b - a scroll of vulnerability {unknown}
 i - a scroll of silence {unknown}
 l - 2 scrolls of identify {unknown}
 q - 3 scrolls of teleportation {unknown}
 u - 3 scrolls of amnesia
 v - 2 scrolls of enchant armour {unknown}
 w - a scroll of summoning {unknown}
 y - a scroll of enchant weapon {unknown}
 D - a scroll of noise {unknown}
Potions
 d - a potion of cancellation {unknown}
 j - a potion of flight {unknown}
 m - a potion of might {unknown}
 p - a potion of haste {unknown}
 r - a potion of heal wounds {unknown}
 t - a potion of curing {unknown}
 x - a potion of mutation {unknown}


   Skills:
 + Level 3.5 Fighting
 + Level 3.1 Dodging
 - Level 2.1 Stealth
 + Level 3.6 Spellcasting
 * Level 4.9 Conjurations
 - Level 1.0 Transmutations
 * Level 6.9 Earth Magic


You had 8 spell levels left.
You knew the following spells:

 Your Spells              Type           Power      Damage    Failure   Level
a - Sandblast             Erth           46%        2d11      1%          1
b - Stone Arrow           Conj/Erth      40%        3d9       6%          3
c - Passwall              Tmut/Erth      11%        N/A       8%          2

Your spell library contained the following spells:

 Spells                   Type           Power      Damage    Failure   Level
 Beastly Appendage        Tmut           10%        N/A       17%         1
 Wereblood                Tmut           5%         N/A       26%         2
 Petrify                  Tmut/Erth      14%        N/A       43%         4
 Spider Form              Tmut/Pois      2%         N/A       52%         3
 Gell's Gravitas          Tloc           1%         N/A       58%         3
 Lesser Beckoning         Tloc           1%         N/A       58%         3
 Teleport Other           Tloc           2%         N/A       58%         3


Dungeon Overview and Level Annotations

Branches:
Dungeon (6/15)             Temple (1/1) D:6

Altars:
Cheibriados
Dithmenos
Elyvilon
Fedhas
Gozag
Hepliaklqana
Kikubaaqudgha
Makhleb
Nemelex Xobeh
Ru
Trog
Uskayaw
Wu Jian
Yredelemnul
Zin
The Shining One

Annotations:
D:5 3 runed translucent doors, bronco's ghost, amateur SpGl


Innate Abilities, Weirdness & Mutations

You are immune to sickness and miasma.
Your stone body is resilient. (AC +5)
You are immune to poison.
You resist negative energy. (rN+)
You are resistant to electric shocks. (rElec)
You are resistant to unholy torment.
You are immune to petrification.


Message History

You kill the jelly!
You now have 462 gold pieces (gained 6).
An orc comes into view. It is wielding a +0 mace.
An orc is nearby!
An orc is nearby!
Found an escape hatch in the floor.
An orc wizard comes into view. It is wielding a +0 dagger.
The orc wizard shouts!
You hear a shout! x2
An orc comes into view. It is wielding a +0 whip.
The orc wizard moves out of view.
An orc comes into view. It is wielding a +0 falchion.
An orc priest comes into view. It is wielding a +0 club.
The orc priest moves out of view.
The orc shouts! x2
The orc throws a boomerang.
The boomerang hits you.
The orc wizard gestures wildly while chanting.
The orc wizard flickers and vanishes!
Deactivating autopickup; reactivate with Ctrl-A.
Casting: Sandblast (safe; 1% risk of failure)
Confirm with . or Enter, or press ? or * to list all spells.
You can't see any susceptible monsters within range! (Use Z to cast anyway.)
The orc throws a boomerang.
The boomerang barely misses you. The orc priest closely misses you.
You barely miss the orc priest. The orc hits you but does no damage.
The orc priest invokes the aid of Beogh against you.
Beogh smites you! The orc barely misses you.
You completely miss the orc priest.
The orc priest invokes the aid of Beogh against you.
Beogh smites you!
* * * LOW HITPOINT WARNING * * *
The orc barely misses you. x2
It was a potion of degeneration.
There was something very wrong with that liquid.
You feel weakened.
You feel dopey.
You feel clumsy. The orc hits you with a +0 falchion.
* * * LOW HITPOINT WARNING * * *
The orc priest calls down the wrath of Beogh upon you.
Beogh smites you!
You die...
Your body crumbles into a pile of gold.

....#.#.# .# ##'####.#
#..#.#
##......######..#.######
................#......#
######...#####..........
######...#####..#......#
..<.............>......#
######..######.o#o...###
#..# #.o@....... #..###
#.o#.#####. ######....#
#..#.# .......##.#
#..#.#### ####......#
#........ #.######
#.##.#### #.# #....# #.#
#.##.# #.#########.##.#


You could see an orc priest and 3 orcs.

Vanquished Creatures
  A water moccasin (D:6)
  An ice beast (D:4)
  A black bear (D:6)
  A phantom (D:5)
  A scorpion (D:4)
  A water moccasin skeleton (D:4)
  A wyvern skeleton (D:5)
  3 bullfrog zombies (D:5)
  A jelly (D:6)
  2 orc priests
  A bullfrog skeleton (D:5)
  An orc wizard (D:4)
  2 iguanas (D:6)
  4 adders
  A howler monkey skeleton (D:5)
  An ufetubus (D:4)
  A worm (D:3)
  3 dart slugs
  14 orcs
  2 bats
  3 endoplasms
  3 giant cockroaches (D:2)
  6 goblins
  9 hobgoblins
  2 jackals (D:4)
  13 kobolds
  3 quokkas
  6 ball pythons
  2 frilled lizards (D:2)
  5 rats
95 creatures vanquished.

Notes
Turn   | Place    | Note
-------+----------+-------------------------------------------
     0 | D:1      | garrulousMonolith the Gargoyle Earth Elementalist began the
                  | quest for the Orb.
     0 | D:1      | Reached XP level 1. HP: 10/10 MP: 3/3
   206 | D:1      | Reached XP level 2. HP: 16/16 MP: 0/5
   209 | D:1      | Learned a level 2 spell: Passwall
   310 | D:1      | Reached skill level 1 in Transmutations
   322 | D:1      | Reached skill level 4 in Earth Magic
   601 | D:1      | Reached XP level 3. HP: 12/20 MP: 6/6
   605 | D:1      | Learned a level 3 spell: Stone Arrow
   993 | D:1      | You fall into a shaft and drop 1 floor!
  1230 | D:2      | Reached skill level 1 in Fighting
  1973 | D:3      | Found an opulent altar of Gozag.
  2213 | D:3      | Found a hide-covered altar of Uskayaw.
  2233 | D:3      | Reached skill level 1 in Conjurations
  2233 | D:3      | Reached XP level 4. HP: 25/25 MP: 7/7
  2308 | D:3      | Found an ornate altar of the Wu Jian Council.
  2308 | D:3      | Found a glowing silver altar of Zin.
  2508 | D:3      | Found a basalt altar of Yredelemnul.
  2508 | D:3      | Found a sparkling altar of Nemelex Xobeh.
  2848 | D:3      | Found a faded altar of an unknown god.
  2988 | D:3      | Became a worshipper of Gozag Ym Sagoz the Greedy
  3070 | D:4      | Noticed an ice beast
  3089 | D:4      | Reached XP level 5. HP: 17/30 MP: 5/8
  3101 | D:4      | Killed an ice beast
  3102 | D:4      | Reached skill level 5 in Earth Magic
  3102 | D:4      | Reached XP level 6. HP: 21/35 MP: 3/10
  4522 | D:5      | Entered Level 5 of the Dungeon
  4523 | D:5      | Noticed a black bear
  4523 | D:5      | Noticed bronco's ghost (amateur SpGl)
  4528 | D:5      | Found a runed translucent gate.
  4528 | D:5      | Found a runed translucent gate.
  4528 | D:5      | Found a runed translucent gate.
  4529 | D:5      | Noticed a two-headed ogre
  4646 | D:5      | Found a snail-covered altar of Cheibriados.
  4935 | D:5      | Reached XP level 7. HP: 40/40 MP: 11/11
  4970 | D:5      | Identified the +1 leather armour of Youthful Indiscretion
                  | {rC+ Will+}
  5001 | D:5      | Reached skill level 6 in Earth Magic
  5849 | D:6      | Found a staircase to the Ecumenical Temple.
  5867 | Temple   | Entered the Ecumenical Temple
  6117 | D:6      | Reached XP level 8. HP: 46/46 MP: 13/13
  6349 | D:6      | Killed from afar by an orc priest

Illustrated notes

Levels and vault maps discovered:
D:1:      dpeg_arrival_shrine, layout_loops_ring
D:2:      layout_loops_ring, kennysheep_generic_room_12
D:3:      layout_loops_corners, nicolae_gozag_cash_rules_everything_around_me,
          chequers_temple_overflow_statue_of_worship,
          nicolae_uskayaw_dance_hall, ebering_ecumenical_altar_hall
D:4:      layout_gridville, kennysheep_generic_room_7
D:5:      layout_loops_corners, kennysheep_slug_shrine, gammafunk_ghost_split
D:6:      lemuel_insect_pit, layout_basic, minmay_temple_entry_mist
Temple:   jpeg_temple_island

Skill      XL: |  1  2  3  4  5  6  7 |
---------------+----------------------+-----
Transmutations | 1 |  1.0
Earth Magic    | 4 5 6 |  6.9
Fighting       | 1 2 3 |  3.5
Dodging        | 2 3 |  3.1
Conjurations   | 1 2 3 4 |  4.9
Spellcasting   | 3 |  3.6
Stealth        | |  2.1

Action                   |  1- 3 |  4- 6 |  7- 9 || total
-------------------------+-------+-------+-------++-------
Melee: Whip              |    18 |       |       ||    18
       Dagger            |   105 |   178 |    35 ||   318
 Cast: Sandblast         |    15 |    11 |    19 ||    45
  Use: Scroll            |       |     1 |       ||     1
       Potion            |       |       |     1 ||     1
 Stab: Sleeping          |     4 |     4 |     1 ||     9
Armor: Robe              |    28 |    79 |       ||   107
       Leather armour    |       |    17 |    16 ||    33
Dodge: Dodged            |    76 |   145 |    31 ||   252
